 Dungeon Crawl Stone Soup version 0.31.0-11-ge490571c62 (webtiles) character file.

Game seed: 13955342668412836745

9 browni3141 the Conjurer (level 2, 19/19 HPs)
             Began as a Demonspawn Conjurer on Jan 30, 2024.
             Got out of the dungeon alive.
             The game lasted 00:00:27 (410 turns).

browni3141 the Conjurer (Demonspawn Conjurer)        Turns: 410, Time: 00:00:28

Health: 19/19      AC:  2    Str:  7    XL:     2   Next: 3%
Magic:  5/5        EV: 12    Int: 18    God:
Gold:   11         SH:  0    Dex: 11    Spells: 4/5 levels left

rFire   . . .        f - +0 dagger
rCold   . . .        (no shield)
rNeg    . . .        a - +0 robe
rPois   .            (no helmet)
rElec   .            (no cloak)
rCorr   .            (no gloves)
SInv    .            (no boots)
Will    .....        (no amulet)
Stlth   ++           (no ring)
HPRegen 0.23/turn    (no ring)
MPRegen 0.18/turn

%: no passive effects
@: no status effects
A: magic regeneration
a: no special abilities


You escaped.
You visited 1 branch of the dungeon, and saw 1 of its levels.

You collected 11 gold pieces.

Inventory:

Hand Weapons
 f - a +0 dagger (weapon)
Missiles
 c - a throwing net
Armour
 a - a +0 robe (worn)
Scrolls
 d - a scroll of identify {unknown}
 e - a scroll of immolation {unknown}
Potions
 b - a potion of magic


   Skills:
 + Level 2.0 Dodging
 + Level 2.0 Stealth
 + Level 2.1 Spellcasting
 + Level 4.1 Conjurations


You had 4 spell levels left.
You knew the following spells:

 Your Spells              Type           Power      Damage    Failure   Level
a - Magic Dart            Conj           64%        1d6       3%          1

Your spell library contained the following spells:

 Spells                   Type           Power      Damage    Failure   Level
 Searing Ray              Conj           32%        2d5       4%          2
 Fulminant Prism          Conj/Alch      4%         3d5       58%         4
 Iskenderun's Mystic Bla  Conj/Tloc      9%         2d4       58%         4


Dungeon Overview and Level Annotations

Branches:
Dungeon (1/15)

Altars:


Innate Abilities, Weirdness & Mutations

You regenerate magic rapidly.


Message History

You are out of magic!
You are out of magic!
A hobgoblin is nearby!
A hobgoblin is nearby!
The magic dart hits the hobgoblin.
The hobgoblin is heavily wounded.
You are out of magic!
The magic dart hits the hobgoblin.
You kill the hobgoblin!
A kobold comes into view. It is wielding a +0 dagger.
The kobold throws a stone.
The stone hits you but does no damage.
A kobold is nearby!
A kobold is nearby!
The magic dart hits the kobold but does no damage.
The magic dart hits the kobold.
The kobold is moderately wounded.
The kobold throws a stone.
The stone barely misses you.
The magic dart hits the kobold.
The kobold is severely wounded.
A kobold is nearby!
The kobold throws a stone.
The stone closely misses you.
Things that are here:
a +0 dagger; a kobold corpse
f - a +0 dagger (weapon)
The kobold throws a stone.
The stone misses you. The kobold barely misses you.
You closely miss the kobold.
The kobold is severely wounded.
The kobold barely misses you.
You hit the kobold but do no damage.
The kobold is severely wounded.
The kobold hits you with a +0 dagger.
You hit the kobold but do no damage.
The kobold is severely wounded.
The kobold hits you but does no damage.
You closely miss the kobold.
The kobold is severely wounded.
The kobold misses you.
You hit the kobold.
You kill the kobold!
Your Stealth skill increases to level 2!
Things that are here:
a +0 dagger; 4 stones; a kobold corpse HP restored.
A bat comes into view.
A bat is nearby!
The magic dart hits the bat but does no damage.
The bat hits you but does no damage. The bat closely misses you.
The magic dart hits the bat.
The bat is moderately wounded.
The bat closely misses you.
The magic dart hits the bat.
You kill the bat!
You see here a bat corpse.
You now have 11 gold pieces.
A bat comes into view.
A bat is nearby!
The magic dart hits the bat.
The bat is severely wounded.
The magic dart hits the bat.
You kill the bat!
A rat comes into view.
A rat is nearby!
The magic dart hits the rat.
The rat is heavily wounded.
The rat squeaks loudly.
A ball python comes into view.
You miscast Magic Dart.
You are very lightly contaminated with residual magic.
Nothing appears to happen.
The ball python hisses angrily.
The magic dart hits the ball python.
The ball python is severely wounded.
A ball python is nearby!
You hit the ball python.
You kill the ball python!
You have reached level 2!
Your demonic ancestry asserts itself...
Your magic begins to regenerate rapidly.
The rat bites you.
You see here a ball python corpse.
You closely miss the rat. The rat barely misses you.
You completely miss the rat. The rat closely misses you.
Your magical contamination has completely faded away.
You barely miss the rat. The rat barely misses you.
You closely miss the rat. The rat barely misses you.
You hit the rat.
You kill the rat!
Your Dodging skill increases to level 2!
You see here a rat corpse.
You see here a rat corpse.
You see here a ball python corpse.
You see here a bat corpse.
You see here a rat skeleton.
Found a stone staircase leading down.
There is a stone staircase leading down here.
You enter the shallow water.
Moving in this stuff is going to be slow.
There is a staircase leading out of the dungeon here.
You have escaped!

...........#
#.#
#..~.≈.~~...##
#+#
#...~.~.~~~.#
#.≈~≈.~..~..#
#.≈~.≈~≈.~~.#
#.~≈~~≈≈~≈..#
#....~~≈≈~..#
#~.~~.~~~..~#
#~..~~≈@~...#
#~..~~~~...~#
#~~...~~...~#
#≈~.......~~#
#≈≈≈.....~~≈#
#≈≈~......~≈#
#≈≈≈~....~≈~#
#≈≈≈≈~..≈≈≈≈#
#≈≈≈≈~~~~≈≈≈#


There were no monsters in sight!

Vanquished Creatures
  A hobgoblin (D:1)
  2 ball pythons (D:1)
  3 bats (D:1)
  3 kobolds (D:1)
  2 rats (D:1)
11 creatures vanquished.

Notes
Turn   | Place    | Note
-------+----------+-------------------------------------------
     0 | D:1      | browni3141 the Demonspawn Conjurer began the quest for the
                  | Orb.
     0 | D:1      | Reached XP level 1. HP: 13/13 MP: 3/3
   330 | D:1      | Gained mutation: You regenerate magic rapidly. [demonic
                  | ancestry]
   330 | D:1      | Reached XP level 2. HP: 19/19 MP: 0/5
   410 | D:$      | Got out of the dungeon alive.

Illustrated notes

Levels and vault maps discovered:
D:1:      dpeg_arrival_more_subterranean_lakeside_camping, layout_loops_corners,
          hangedman_decor_peaks_small

Skill      XL: |  1  2 |
---------------+-------+-----
Stealth        | 2 |  2.0
Dodging        | 2 |  2.0
Spellcasting   | |  2.1
Conjurations   | |  4.1

Action                     || total
---------------------------++-------
  Melee: Dagger            ||    11
   Cast: Magic Dart        ||    18
 Armour: Robe              ||     5
  Dodge: Dodged            ||    12
